 Dungeon Crawl Stone Soup version 0.24-a0-762-gca426f56c8 (webtiles) character file.

Game seed: 4690950803239739832, levelgen mode: deterministic

98 Arixos the Ducker (level 4, 0/19 HPs)
             Began as a Felid Transmuter on Oct 3, 2019.
             Slain by a water moccasin (6 damage)
             ... on level 4 of the Dungeon.
             The game lasted 00:13:41 (4698 turns).

Arixos the Ducker (Felid Transmuter)                Turns: 4698, Time: 00:13:42

Health: 0/19       AC:  2    Str:  7    XL:     4   Next: 43%
Magic:  5/8        EV: 22    Int: 14    God:
Gold:   114        SH:  4    Dex: 21    Spells: 4/8 levels left
                                        Lives:  0   Deaths: 1

rFire    . . .     SeeInvis +     - Unarmed
rCold    . . .     Gourm    .   (shield unavailable)
rNeg     . . .     Faith    .   (armour unavailable)
rPois    x         Spirit   .   (helmet unavailable)
rElec    .         Reflect  +   (cloak unavailable)
rCorr    .         Harm     .   (gloves unavailable)
MR       .....                  (boots unavailable)
Stlth    +++.......             h - +4 amulet of reflection
HPRegen  0.06/turn              (no ring)
MPRegen  0.11/turn              (no ring)

@: lethally poisoned (0 -> -23), spider-form
A: tiny, no armour, no weapons or thrown items, stealth, see invisible,
carnivore, slow metabolism 1
a: End Transformation


You were on level 4 of the Dungeon.
You were not hungry.
You were a venomous arachnid creature.
You visited 1 branch of the dungeon, and saw 4 of its levels.

You collected 114 gold pieces.

Inventory:

Missiles
 a - 32 arrows
Jewellery
 h - a +4 amulet of reflection (around neck)
Wands
 i - a wand of digging (4)
Scrolls
 d - 2 scrolls of enchant weapon {unknown}
 e - a scroll of identify {unknown}
 g - 2 scrolls of teleportation {unknown}
 m - 2 scrolls of remove curse {unknown}
Potions
 b - a potion of might {unknown}
 f - a potion of heal wounds {unknown}
 j - a potion of brilliance {unknown}
 k - a potion of haste {unknown}
 l - a potion of curing {unknown}
 n - a potion of flight {unknown}
Comestibles
 c - 3 rations


   Skills:
 + Level 2.1 Fighting
 + Level 3.7 Dodging
 + Level 2.7 Stealth
 + Level 3.5 Unarmed Combat
 + Level 2.6 Spellcasting
 + Level 2.9 Transmutations
 + Level 1.1 Poison Magic


You had 4 spell levels left.
You knew the following spells:

 Your Spells              Type           Power        Failure   Level  Hunger
a - Beastly Appendage     Tmut           ##....       19%         1    #......
s - Spider Form           Tmut/Pois      #.........   50%         3    ###....

Your spell library contained the following spells:

 Spells                   Type           Power        Failure   Level  Hunger
 Sticks to Snakes         Tmut           ##......     26%         2    ###....
 Ice Form                 Ice/Tmut       #.......     90%         4    #####..
 Blade Hands              Tmut           ##........   96%         5    ######.


Dungeon Overview and Level Annotations

Branches:
Dungeon (4/15)
 Temple: D:4-7

Altars:

Shops:
D:4 [


Innate Abilities, Weirdness & Mutations

You cannot wear armour.
You are incapable of wielding weapons or throwing items.
Your paws allow you to move quietly. (Stealth)
((You have sharp claws.))
((You have razor-sharp teeth.))
You have supernaturally acute eyesight. (SInv)
You are carnivorous and can eat meat at any time.
((You cover ground quickly.))
((You are covered in fur. (AC +1)))
You have a slow metabolism.
((Your sharp claws are effective at attacking unaware monsters.))


Message History

Found a leather armour.
Found a rapier and 13 gold pieces.
The water moccasin misses you. You block the water moccasin's attack.
Casting: Spider Form (safe; 28% risk of failure)
Confirm with . or Enter, or press ? or * to list all spells.
You turn into a venomous arachnid creature.
The water moccasin bites you!
You hit the water moccasin.
The water moccasin is lightly wounded.
The water moccasin completely misses you.
You hit the water moccasin but do no damage.
The water moccasin is lightly wounded.
The water moccasin bites you.
You are lethally poisoned!
The water moccasin poisons you! You block the water moccasin's attack.
You barely miss the water moccasin.
The water moccasin is lightly wounded.
You feel sick. The water moccasin bites you.
You die...

#####.................##
.....$.........>.#...#####
..####............<.......
#..####........#..........
#...........#.8..∩..8...)
######.#########.........
#.### ##........ #.S.#
#........ ###s# #........
### #########


You could see a water moccasin.

Vanquished Creatures
  An iguana (D:4)
  Terence (D:2)
  4 adders (D:2)
  A worm (D:2)
  4 dart slugs
  3 leopard geckos
  5 orcs
  A ball python (D:2)
  2 giant cockroaches
  7 goblins
  5 hobgoblins
  11 kobolds
  A quokka (D:2)
  3 bats
  5 frilled lizards
  4 rats
58 creatures vanquished.

Notes
Turn   | Place    | Note
-------+----------+-------------------------------------------
     0 | D:1      | Arixos the Felid Transmuter began the quest for the Orb.
     0 | D:1      | Reached XP level 1. HP: 9/9 MP: 4/4
   374 | D:1      | Reached XP level 2. HP: 12/12 MP: 4/6
   622 | D:1      | Reached skill level 1 in Stealth
  1079 | D:1      | Reached XP level 3. HP: 10/15 MP: 5/7
  1169 | D:1      | Learned a level 3 spell: Spider Form
  2961 | D:2      | Noticed Terence
  2983 | D:2      | Killed Terence
  2983 | D:2      | Reached XP level 4. HP: 16/19 MP: 6/8
  4251 | D:3      | Killed from afar by an orc wizard
  4252 | D:3      | Reached XP level 3. HP: -1/16 MP: 7/7
  4391 | D:3      | Reached skill level 1 in Poison Magic
  4413 | D:3      | Reached XP level 4. HP: 19/19 MP: 6/8
  4474 | D:4      | Found Otur's Armour Shop.
  4669 | D:4      | Noticed a water moccasin
  4698 | D:4      | Slain by a water moccasin

Levels and vault maps discovered:
D:1:      saegor_arrival_simple_b, layout_loops_ring, kennysheep_another_room,
          minmay_pentomino_q2
D:2:      layout_basic, st_stairs_8, chequers_serial_rivers_large_a,
          uniq_terence
D:3:      layout_loops_ring, minivault_24
D:4:      cheibrodos_barr_body, layout_rooms, vehumet_altar_wand_db,
          serial_shops, shop, shop_statue, nicolae_shop_waterfront,
          kennysheep_little_box, first_ration, lightli_minifort

Skill      XL: |  1  2  3  4 |
---------------+-------------+-----
Stealth        | 1 2 |  2.7
Dodging        | 3 |  3.7
Poison Magic   | 1 |  1.1
Fighting       | 2 |  2.1
Unarmed Combat | |  3.5
Spellcasting   | |  2.6
Transmutations | |  2.9

Action                   |  1- 3 |  4- 6 || total
-------------------------+-------+-------++-------
Melee: Unarmed           |   119 |    76 ||   195
       Headbutt          |    13 |     7 ||    20
       Bite              |     9 |     6 ||    15
       Punch             |     3 |       ||     3
 Cast: Beastly Appendage |    24 |    12 ||    36
       Spider Form       |       |     3 ||     3
Evoke: Wand              |       |     1 ||     1
 Stab: Sleeping          |     7 |     3 ||    10
       Distracted        |     1 |       ||     1
  Eat: Chunk             |     8 |     6 ||    14
Armor: Skin              |     4 |     1 ||     5
Dodge: Dodged            |    73 |    49 ||   122
Block: Other             |     6 |    14 ||    20

Table legend:
 A = Non-vault XP
 B = Vault XP
 C = Vault XP percentage of total XP
 D = Non-vault monster count
 E = Vault monster count
 F = Vault count percentage of total count
                 A         B        C        D         E       F
            +---------+---------+-------+---------+---------+-------
      Total |     192 |      40 |  17.2 |      55 |       3 |   5.2
            +---------+---------+-------+---------+---------+-------
        D:1 |      43 |       4 |   8.5 |      21 |       2 |   8.7
        D:2 |      92 |      36 |  28.1 |      24 |       1 |   4.0
        D:3 |      20 |       0 |   0.0 |       9 |       0 |   0.0
        D:4 |      37 |       0 |   0.0 |       1 |       0 |   0.0
            +---------+---------+-------+---------+---------+-------
